 Dungeon Crawl Stone Soup version 0.32-a0-825-g0e82a1035d (webtiles) character file.

Game seed: 11097596213944556056

1236 Fastnbulbous the Poker (level 8, -7/61 HPs)
             Began as a Demonspawn Gladiator on Mar 25, 2024.
             Was a Believer of Fedhas.
             Killed from afar by Maggie (22 damage)
             ... with a bolt of fire
             ... on level 6 of the Dungeon.
             The game lasted 00:14:13 (4614 turns).

Fastnbulbous the Poker (Demonspawn Gladiator)       Turns: 4614, Time: 00:14:16

Health: -7/61      AC: 10    Str: 17    XL:     8   Next: 24%
Magic:  2/2        EV: 11    Int: 11    God:    Fedhas [**....]
Gold:   116        SH:  4    Dex: 14    Spells: 7/7 levels left

rFire   . . .        a - +0 trident
rCold   + + +        r - +0 buckler
rNeg    . . .        w - +1 robe of Hiyps {Regen+ Int+2}
rPois   .            (helmet restricted)
rElec   .            v - +2 cloak
rCorr   +            h - +0 pair of gloves
SInv    .            p - +0 pair of boots
Will    .....        (no amulet)
Stlth   ++           q - ring of protection from fire
HPRegen 1.10/turn    j - ring of Geuseg {rF- rC+++ rCorr MP-9 Slay+3}
MPRegen 0.08/turn

%: no passive effects
@: mesmerised, wreathed by umbra
A: antennae 2, thin metallic scales 1, foul shadow 1
a: Renounce Religion, Wall of Briars


You were on level 6 of the Dungeon.
You worshipped Fedhas.
Fedhas was pleased with you.
You visited 1 branch of the dungeon, and saw 6 of its levels.

You collected 191 gold pieces.
You spent 75 gold pieces at shops.

Inventory:

Hand Weapons
 a - a +0 trident (weapon)
Missiles
 d - 3 throwing nets (quivered)
 e - a javelin
Armour
 b - a +0 leather armour
 c - a +0 helmet
 h - a +0 pair of gloves (worn)
 l - a scarf of resistance
 p - a +0 pair of boots (worn)
 r - a +0 buckler (worn)
 v - a +2 cloak (worn)
 w - the +1 robe of Hiyps (worn) {Regen+ Int+2}
   (You found it on level 4 of the Dungeon)

   Int+2:     It affects your intelligence (+2).
   Regen+:    It increases your rate of health regeneration.
Jewellery
 j - the ring of Geuseg (right hand) {rF- rC+++ rCorr MP-9 Slay+3}
   (You found it on level 5 of the Dungeon)

   [ring of resist corrosion]

   Slay+3:    It affects your accuracy & damage with ranged weapons and melee
   (+3).
   rF-:       It makes you vulnerable to fire.
   rC+++:     It renders you almost immune to cold.
   MP-9:      It affects your magic capacity (-9).
   rCorr:     It protects you from acid and corrosion.
 n - a +6 ring of intelligence
 q - a ring of protection from fire (left hand)
Wands
 i - a wand of paralysis (7)
Scrolls
 m - 7 scrolls of teleportation
 o - 2 scrolls of vulnerability
 s - 2 scrolls of fear
 t - a scroll of enchant armour
 u - a scroll of blinking
 x - a scroll of fog
 y - a scroll of torment
 z - a scroll of brand weapon
Potions
 f - 2 potions of attraction
 g - a potion of lignification


   Skills:
 + Level 4.8 Fighting
 * Level 7.0 Polearms
 - Level 3.5 Throwing
 - Level 2.6 Dodging
 * Level 5.0 Invocations


You had 7 spell levels left.
You didn't know any spells.
Your spell library contained the following spells:

 Spells                   Type           Power      Damage    Failure   Level
 Foxfire                  Conj/Fire      0%         2x1d4     43%         1
 Plasma Beam              Fire/Air       0%         2x1d10    100%        6
 Starburst                Conj/Fire      0%         6d3       100%        6


Dungeon Overview and Level Annotations

Branches:
Dungeon (6/15)
 Temple: D:4-7

Altars:
Fedhas
Ru
Sif Muna
Yredelemnul

Shops:
D:2 (   D:3 ?

Annotations:
D:3 1 transporter, Villent's ghost, amateur MiFi
D:6 Dowan; Maggie


Innate Abilities, Weirdness & Mutations

You have a pair of antennae on your head.
You are partially covered in thin metallic scales. (AC +2)
You are faintly shadowed, very rarely releasing foul flame when damaged in melee.


Message History

Maggie is severely wounded.
You break out of your daze.
Maggie points at you and mumbles some strange words.
The bolt of fire hits you!!
You are too injured to fight recklessly!
You are too injured to fight recklessly!
It was a potion of curing.
You feel better. Maggie gestures at you while chanting.
The bolt of fire hits you!!
* * * LOW HITPOINT WARNING * * *
Press: ? - help, v - describe, . - travel
Here: Maggie, wielding a +2 long sword of flaming and wearing +0 steam dragon scales (severely wounded, ally target, umbra)
The floor, spattered with blood.
Unknown command.
You are confused.
You feel invigorated.
Your briar patch disappears in a puff of smoke!
Maggie gestures at you while chanting. The bolt of fire hits you!
* * * LOW HITPOINT WARNING * * *
Maggie says, "How do the people who live here stand the isolation?"
Maggie closely misses you.
Okay, then.
Maggie casts a spell at you. The bolt of fire hits you!
* * * LOW HITPOINT WARNING * * *
Okay, then.
You hit Maggie.
Maggie is severely wounded.
Maggie gestures wildly while chanting.
Maggie attempts to bespell you!
You are mesmerised by Maggie!
You hit Maggie.
Maggie is almost dead.
You feel less invigorated.
You feel less confused. Maggie casts a spell at you.
The bolt of fire hits you!!
You die...
Fedhas appreciates your contribution to the ecosystem.

# ####..##....#.# #
#_.#._#.........## #.
.....#.......... .
... ##.P.##..........
.# ...)
#..P..#....##...# ..
....# _... #....## ..
.....###.###.....## #
.......PP..........#
........@P.........#
.......@PP##.........
#.....#.##...#......
###.###.###....#....
# ##.....###.........
#.#..##..##.........#
.....##.....###......
........##..## .....
.............# ##...


You could see Maggie (mesmerising, ally target).

Vanquished Creatures
  Grinder (D:5)
  Menkaure (D:5)
  Edmund (D:5)
  An ogre (D:6)
  A centaur (D:5)
  A scorpion (D:5)
  2 howler monkeys (D:5)
  4 hounds
  2 jellies (D:4)
  A bombardier beetle (D:6)
  Crazy Yiuf (D:5)
  A gnoll bouda (D:6)
  8 gnolls
  10 adders
  2 shadow imps (D:5)
  2 ufetubi (D:6)
  A dart slug (D:4)
  6 endoplasms
  4 giant cockroaches
  11 goblins
  7 hobgoblins
  4 kobolds
  3 quokkas
  5 ball pythons
  5 bats
  3 frilled lizards
  5 rats
93 creatures vanquished.

Notes
Turn   | Place    | Note
-------+----------+-------------------------------------------
     0 | D:1      | Fastnbulbous the Demonspawn Gladiator began the quest for
                  | the Orb.
     0 | D:1      | Reached XP level 1. HP: 16/16 MP: 1/1
   103 | D:1      | Reached skill level 3 in Polearms
   103 | D:1      | Gained mutation: You have a pair of small antennae on your
                  | head. [demonic ancestry]
   103 | D:1      | Reached XP level 2. HP: 19/22 MP: 2/2
   517 | D:1      | Reached XP level 3. HP: 25/28 MP: 3/3
   900 | D:2      | Found a faded altar of an unknown god.
   906 | D:2      | Prayed at the altar of an unknown god.
   906 | D:2      | Became a worshipper of Fedhas Madash
   906 | D:2      | Reached * piety under Fedhas
  1310 | D:2      | Reached XP level 4. HP: 31/34 MP: 4/4
  1618 | D:2      | Found Potsia Juba's Antique Weapon Boutique.
  2143 | D:3      | Reached skill level 4 in Polearms
  2337 | D:3      | Noticed an ogre
  2337 | D:3      | Noticed Villent's ghost (amateur MiFi)
  2338 | D:3      | Noticed an ogre
  2339 | D:3      | Found a transporter.
  2339 | D:3      | Identified the +5 great mace "Qytoed" {freeze, rN+}
  2339 | D:3      | Noticed an ogre
  2378 | D:3      | Found Ulatubri's Magic Scroll Boutique.
  2385 | D:3      | Bought a scroll of blinking for 75 gold pieces
  2693 | D:4      | Reached ** piety under Fedhas
  2830 | D:4      | Identified the +1 robe of Hiyps {Regen+ Int+2}
  2860 | D:4      | Reached XP level 5. HP: 15/41 MP: 5/5
  3193 | D:4      | Gained mutation: You are partially covered in thin metallic
                  | scales. (AC +2) [demonic ancestry]
  3193 | D:4      | Reached XP level 6. HP: 40/47 MP: 6/6
  3524 | D:5      | Entered Level 5 of the Dungeon
  3552 | D:5      | Reached skill level 5 in Polearms
  3737 | D:5      | Gained mutation: You have a pair of antennae on your head.
                  | [demonic ancestry]
  3737 | D:5      | Reached XP level 7. HP: 15/54 MP: 7/7
  3865 | D:5      | Noticed Grinder
  3867 | D:5      | Noticed Edmund
  3875 | D:5      | Paralysed by Grinder for 4 turns
  3902 | D:5      | Killed Edmund
  3905 | D:5      | Reached skill level 6 in Polearms
  3905 | D:5      | Reached skill level 1 in Invocations
  3910 | D:5      | Killed Grinder
  4005 | D:5      | Identified the ring of Geuseg {rF- rC+++ rCorr MP-9 Slay+3}
  4101 | D:5      | Found a runed translucent door.
  4102 | D:5      | Noticed Crazy Yiuf
  4110 | D:5      | Killed Crazy Yiuf
  4271 | D:5      | Noticed Menkaure
  4275 | D:5      | Killed Menkaure
  4276 | D:5      | Gained mutation: You are faintly shadowed, very rarely
                  | releasing foul flame when damaged in melee. [demonic
                  | ancestry]
  4276 | D:5      | Reached XP level 8. HP: 61/61 MP: 0/11
  4436 | D:6      | Reached skill level 7 in Polearms
  4526 | D:6      | Found a basalt altar of Yredelemnul.
  4553 | D:6      | Found a shimmering blue altar of Sif Muna.
  4560 | D:6      | Noticed Maggie
  4568 | D:6      | Found a sacrificial altar of Ru.
  4579 | D:6      | Reached skill level 5 in Invocations
  4584 | D:6      | Noticed Dowan
  4614 | D:6      | Killed from afar by Maggie

Illustrated notes

Levels and vault maps discovered:
D:1:      minmay_arrival_four_circles, layout_loops_ring, hex_large
D:2:      layout_loops_corners, serial_shops,
          nicolae_shop_pleasant_corner_grove, chequers_ecumenical_altar_lobes
D:3:      layout_loops_ring, serial_shops, shop_statue, gammafunk_ghost_smash
D:4:      layout_loops_corners
D:5:      layout_basic, uniq_grinder, uniq_crazy_yiuf_cottage, uniq_menkaure,
          uniq_edmund
D:6:      layout_cave_pools, mainiacjoe_overflow_concentric_impassable,
          mainiacjoe_overflow_alcove_3, uniq_maggie, uniq_duvessa

Skill      XL: |  1  2  3  4  5  6  7  8 |
---------------+-------------------------+-----
Polearms       | 3 4 5 6 7 |  7.0
Throwing       | 2 3 |  3.5
Fighting       | 3 4 |  4.8
Invocations    | 4 5 |  5.0
Dodging        | |  2.6

Action                     |  1- 3 |  4- 6 |  7- 9 || total
---------------------------+-------+-------+-------++-------
  Melee: Trident           |   112 |   124 |   113 ||   349
  Throw: Throwing net      |       |     3 |     2 ||     5
 Invoke: Wall of Briars    |       |       |     2 ||     2
  Evoke: Wand              |       |       |     2 ||     2
    Use: Scroll            |       |     7 |     2 ||     9
         Potion            |       |       |     7 ||     7
   Stab: Sleeping          |     3 |     2 |     1 ||     6
         Held in net/web   |       |       |     3 ||     3
 Armour: Leather armour    |    40 |    24 |       ||    64
         Robe              |       |    48 |    41 ||    89
         Skin              |       |       |    54 ||    54
  Dodge: Dodged            |    47 |    54 |    35 ||   136
  Block: Buckler           |       |    15 |    17 ||    32

Table legend: (Time is in decaauts)
 A = Elapsed time spent in this place.
 B = Non-inter-level travel time spent in this place.
 C = Inter-level travel time spent in this place.
 D = Time resting spent in this place.
 E = Time spent auto-exploring this place.
 F = Levels seen in this place.
 G = Mean time per level.
                   A        B        C        D        E       F      G
               +--------+--------+--------+--------+--------+-----+--------+
         Total |   4625 |   4466 |    159 |     94 |   3597 |   6 |  770.8 |
       Dungeon |   4625 |   4466 |    159 |     94 |   3597 |   6 |  770.8 |
               +--------+--------+--------+--------+--------+-----+--------+

Top non-repeatable levels by time:
     D:2: 1203 daAuts
     D:4: 932 daAuts
     D:5: 871 daAuts
     D:3: 748 daAuts
     D:1: 664 daAuts
     D:6: 204 daAuts
